Map: Taito Citadel LE

Players

Zeb - Winner!

  • Race: Terran Terran
  • League: Platinum
  • Spawn Location: 5:00

mash

  • Race: Terran Terran
  • Spawn Location: 11:00

VOD

Have the link to the VOD?

Description

Time

  • Played on: Dec. 1, 2025, 10:09 a.m.
  • Length: 23:44
Show
View Real Time Build Order
Export as new Build Order

Zeb Terran - Winner!

Build Orders: 1/1/1 

Get SALT Encoding   

  12  0:00  SCV  
  13  0:13  SCV  
  14  0:19  Supply Depot  
  14  0:25  SCV  
  15  0:41  Refinery  
  15  0:42  Barracks  
  15  0:51  SCV, Refinery  
  16  1:03  SCV  
  17  1:15  SCV  
  18  1:29  Marine  
  18  1:31  Orbital Command  
  19  1:38  Factory  
  19  1:48  Marine  
  20  1:57  SCV  
  21  2:02  Supply Depot  
  21  2:07  Barracks Tech Lab  
  21  2:09  SCV  
  22  2:16  Engineering Bay  
  22  2:21  SCV  
  23  2:25  Starport  
  23  2:34  Siege Tank  
  26  2:37  SCV  
  26  2:43  Supply Depot  
  27  2:52  SCV  
  28  3:01  Starport Reactor  
  28  3:04  SCV  
  29  3:11  Siege Tank  
  32  3:16  Supply Depot, Missile Turret  
  32  3:19  Hi-Sec Auto Tracking  
  32  3:22  SCV  
  33  3:34  SCV  
  33  3:39  Supply Depot  
  34  3:49  Siege Tank  
  34  3:50  Viking  
  34  3:52  SCV  
  39  4:05  SCV  
  39  4:15  Factory  
  39  4:17  SCV  
  39  4:23  Missile Turret  
  39  4:29  SCV  
  37  4:41  SCV  
  38  4:53  SCV  
  35  5:17  SCV  
  36  5:29  Factory Tech Lab  
  36  5:40  Command Center  
  34  5:45  SCV  
  35  5:52  Command Center  
  35  6:00  SCV  
  36  6:05  Command Center  
  36  6:07  Armory  
  36  6:12  Hellion  
  36  6:13  SCV  
  36  6:17  Refinery  
  39  6:19  Refinery  
  39  6:22  Supply Depot  
  39  6:32  SCV  
  40  6:38  Missile Turret  
  40  6:39  Missile Turret  
  40  6:40  Neosteel Armor  
  40  6:44  SCV  
  35  6:52  Orbital Command  
  35  6:56  SCV  
  36  7:01  Refinery  
  36  7:02  Refinery  
  36  7:07  Thor  
  43  7:08  SCV  
  43  7:09  SCV  
  43  7:11  Refinery  
  44  7:20  SCV, Refinery  
  46  7:23  Orbital Command  
  46  7:29  Orbital Command  
  45  7:31  SCV  
  45  7:32  SCV  
  47  7:43  SCV  
  48  7:44  Thor  
  54  7:58  Thor  
  62  8:17  Terran Vehicle And Ship Armor Level 1  
  62  8:21  SCV  
  61  8:32  Thor  
  67  8:39  Missile Turret  
  67  8:40  SCV x4  
  71  8:42  Terran Infantry Armor Level 1  
  71  8:43  Hellion  
  71  8:52  SCV  
  72  8:56  Fusion Core  
  72  8:58  Marine  
  72  8:59  SCV x2  
  75  9:09  SCV  
  74  9:25  SCV x3  
  74  9:26  SCV  
  82  9:31  Drilling Claws, Widow Mine x2  
  82  9:33  Thor  
  82  9:37  SCV  
  82  9:38  Missile Turret  
  89  9:48  Weapon Refit  
  89  9:49  Battlecruiser  
  89  9:50  Armory  
  95  9:55  Starport  
  95  10:02  Starport  
  95  10:07  SCV  
  95  10:11  Terran Ship Weapons Level 1  
  95  10:13  Widow Mine x2  
  100  10:16  Widow Mine  
  100  10:17  SCV x2  
  100  10:18  SCV  
  100  10:19  SCV  
  103  10:34  Widow Mine  
  103  10:35  Widow Mine  
  107  10:36  Terran Infantry Weapons Level 1  
  107  10:40  Starport x2  
  107  10:42  Starport Tech Lab x2  
  107  10:48  SCV  
  108  11:00  SCV, Siege Tank  
  108  11:01  Widow Mine x2  
  116  11:11  SCV  
  116  11:12  Missile Turret  
  116  11:14  Missile Turret  
  112  11:20  Battlecruiser  
  115  11:28  Missile Turret  
  115  11:29  Missile Turret  
  114  11:41  Hellion  
  114  11:45  Hellion, Siege Tank  
  113  11:49  Battlecruiser x2  
  70  12:03  Hellion  
  70  12:06  Hellion  
  65  12:18  Siege Tank  
  60  12:23  Viking  
  60  12:24  Viking x2  
  66  12:35  SCV  
  66  12:36  SCV  
  68  12:48  SCV x2  
  68  12:50  Siege Tank  
  73  12:53  Viking x2, Hellion x2  
  81  13:07  Viking  
  81  13:09  Orbital Command  
  83  13:15  Hellion x2  
  83  13:17  Viking  
  89  13:22  SCV, Siege Tank  
  80  13:36  Hellion  
  82  13:42  Battlecruiser  
  82  13:43  Battlecruiser  
  94  13:58  Terran Infantry Armor Level 2  
  88  14:11  Battlecruiser  
  88  14:12  Hellion  
  92  14:53  Siege Tank, Hellion x2  
  99  15:15  Hellion  
  101  15:24  Starport Tech Lab x2  
  101  15:25  Terran Ship Weapons Level 2  
  101  15:27  Battlecruiser  
  101  15:31  Hellion  
  101  15:35  Siege Tank  
  100  15:36  SCV  
  100  15:42  Command Center  
  101  15:47  Command Center  
  101  16:15  Terran Vehicle And Ship Armor Level 2  
  101  16:41  Refinery  
  101  16:42  Supply Depot  
  101  16:44  SCV x2  
  101  16:46  Refinery  
  101  16:47  Supply Depot  
  101  16:54  SCV, Hellion x2, Battlecruiser x2  
  116  16:55  Hellion  
  116  16:59  SCV x2, Battlecruiser, Supply Depot  
  116  17:00  Planetary Fortress  
  124  17:06  SCV, Battlecruiser  
  131  17:11  SCV  
  132  17:17  Command Center  
  132  17:20  Missile Turret  
  132  17:21  Terran Infantry Armor Level 3  
  132  17:22  SCV  
  133  17:24  Hellion  
  133  17:25  Hellion x2  
  133  17:26  SCV  
  140  17:39  Battlecruiser  
  146  17:46  Hellion  
  146  17:47  Refinery  
  146  17:50  Refinery  
  148  17:57  Missile Turret  
  148  17:58  Planetary Fortress, Orbital Command  
  146  18:28  SCV  
  146  18:29  SCV x2  
  144  18:39  SCV  
  144  18:41  SCV x2  
  144  18:44  Planetary Fortress  
  136  18:49  Siege Tank  
  136  18:50  Hellion x2  
  136  18:51  Battlecruiser  
  145  19:10  Command Center  
  145  19:14  SCV  
  145  19:15  SCV  
  145  19:16  SCV  
  148  19:23  SCV, Refinery  
  149  19:26  SCV  
  150  19:42  SCV  
  151  19:45  Missile Turret  
  151  19:53  Command Center  
  151  19:55  Missile Turret  
  151  19:56  SCV  
  151  19:57  SCV x2  
  151  19:58  SCV  
  155  20:06  Supply Depot  
  155  20:10  Supply Depot, Refinery  
  155  20:11  Supply Depot  
  155  20:21  Hellion x3  
  155  20:22  Battlecruiser  
  167  20:34  Command Center  
  167  20:43  Battlecruiser  
  167  20:47  Planetary Fortress  
  167  20:49  SCV x3  
  176  21:14  Hellion x3  
  182  21:35  Battlecruiser x3  
  182  21:37  Sensor Tower  
  184  22:11  Planetary Fortress  
  178  22:48  Siege Tank  
  178  22:50  Hellion x2  
  177  23:01  Command Center  
Show
View Real Time Build Order
Export as new Build Order

mash Terran 

Build Orders: Mech 

Get SALT Encoding   

  12  0:00  SCV  
  13  0:12  SCV  
  14  0:19  Supply Depot  
  14  0:24  SCV  
  15  0:41  SCV  
  15  0:42  Barracks  
  16  0:46  Refinery  
  16  0:53  SCV, Refinery  
  17  1:05  SCV  
  18  1:12  Supply Depot  
  18  1:23  SCV  
  19  1:37  Orbital Command  
  19  1:40  Reaper  
  20  1:59  Factory  
  20  2:03  SCV  
  21  2:12  Barracks Reactor  
  22  2:15  SCV  
  22  2:26  Command Center  
  22  2:30  SCV  
  23  2:39  Supply Depot  
  23  2:42  SCV  
  24  2:46  Hellion  
  24  2:49  Reaper x2  
  28  2:56  SCV  
  29  3:03  Supply Depot  
  29  3:08  SCV  
  30  3:15  Factory Tech Lab  
  30  3:17  Starport  
  30  3:20  SCV  
  31  3:32  SCV, Marine x2  
  32  3:42  Orbital Command  
  32  3:44  SCV  
  33  3:50  Siege Tank, Marine x2  
  36  4:08  Marine x2  
  37  4:11  Liberator  
  40  4:30  SCV  
  40  4:31  SCV  
  41  4:34  Siege Tank  
  44  4:40  Barracks  
  44  4:41  Barracks  
  42  4:45  Supply Depot  
  42  4:48  SCV x2  
  44  5:00  SCV x2  
  46  5:07  Viking  
  41  5:29  Orbital Command  
  41  5:34  Barracks Reactor x2  
  38  5:46  Viking  
  40  5:56  SCV x2  
  42  6:05  Factory  
  42  6:07  Factory  
  42  6:08  SCV  
  43  6:15  Supply Depot  
  43  6:20  Starport Reactor  
  43  6:21  Marine  
  43  6:22  Marine x3  
  47  6:33  SCV x2  
  47  6:39  Marine  
  50  6:40  Marine x2  
  50  6:45  SCV  
  46  6:55  Orbital Command  
  46  7:00  SCV  
  47  7:05  Viking x2  
  47  7:06  Barracks  
  51  7:08  Factory Tech Lab, Barracks  
  51  7:09  Factory Tech Lab  
  51  7:12  Supply Depot, SCV  
  51  7:13  Supply Depot  
  52  7:19  Command Center  
  52  7:22  SCV  
  53  7:24  SCV  
  53  7:26  Marine  
  53  7:27  Marine  
  56  7:34  SCV  
  56  7:35  Marine  
  58  7:37  SCV  
  58  7:39  Cyclone  
  62  7:46  SCV  
  62  7:49  SCV  
  62  7:51  Supply Depot  
  64  7:53  Marine x4  
  64  7:55  Viking  
  64  7:58  SCV  
  71  8:01  SCV  
  71  8:04  Cyclone  
  75  8:08  Barracks Tech Lab  
  75  8:09  Barracks Tech Lab  
  75  8:11  Barracks Reactor  
  75  8:13  Marine x4  
  79  8:23  SCV x2  
  79  8:26  Viking x2  
  85  8:30  Siege Tank  
  85  8:31  Marine  
  89  8:35  SCV x2  
  91  8:49  Marine x4  
  91  8:54  Refinery  
  91  8:55  Refinery  
  95  8:56  Liberator  
  95  9:01  Orbital Command  
  97  9:07  Marine x2  
  99  9:12  Marine  
  99  9:14  SCV  
  101  9:29  Engineering Bay  
  101  9:30  Engineering Bay  
  101  9:32  Armory  
  101  9:35  Stimpack  
  101  9:38  Supply Depot, Marine x4  
  101  9:39  SCV, Siege Tank  
  101  9:44  Supply Depot  
  109  10:00  Viking, Marine x6  
  109  10:03  Supply Depot  
  109  10:05  SCV, Siege Tank, Marine  
  122  10:11  Supply Depot  
  122  10:12  Supply Depot  
  122  10:18  Marine x3  
  125  10:24  Marine x3  
  125  10:25  Siege Tank  
  128  10:39  Supply Depot  
  128  10:40  Supply Depot  
  128  10:41  Supply Depot x2  
  128  10:55  Refinery x2  
  128  10:56  Marine  
  129  10:57  Marine x6  
  129  11:00  Sensor Tower  
  135  11:14  Combat Shield, Marine  
  135  11:15  Command Center, Marine x2  
  138  11:22  Marine  
  138  11:23  Marine x3  
  138  11:24  Siege Tank x2  
  148  11:32  Marine  
  149  11:33  Marine x2  
  147  11:40  Marine  
  147  11:41  Marine  
  141  11:48  Marine x2  
  141  11:50  Marine x3  
  122  11:58  Marine x2  
  103  12:06  Marine x2  
  103  12:08  Marine x3  
  99  12:16  Siege Tank x2, Marine x2  
  98  12:24  Marine x2  
  98  12:25  Marine  
  98  12:26  Marine x2  
  98  12:29  Viking x2  
  99  12:34  Marine x2  
  98  12:41  Marine  
  98  12:42  Marine  
  98  12:43  Marine  
  101  12:44  Marine x2  
  101  12:46  Missile Turret  
  101  12:47  Missile Turret  
  101  12:50  Missile Turret  
  103  12:51  Marine  
  103  12:52  Missile Turret, Marine  
  102  12:59  Viking, Marine  
  102  13:00  Marine  
  102  13:01  Marine  
  102  13:02  Marine x2  
  102  13:05  Missile Turret  
  104  13:11  Marine x2  
  105  13:12  Viking  
  105  13:15  Missile Turret  
  105  13:17  Marine x2  
  105  13:18  Missile Turret  
  105  13:19  Marine x3  
  105  13:29  Marine  
  86  13:35  Viking  
  86  13:41  Marine x6  
  88  13:42  Viking  
  88  13:46  Marine  
  78  13:59  Marine x5  
  79  14:10  Marine  
  79  14:11  Viking, Marine  
  79  14:12  Viking  
  79  14:16  Marine  
  83  14:17  Marine x2  
  83  14:21  Marine  
  83  14:22  Marine  
  87  14:28  Marine  
  87  14:29  Marine  
  82  14:38  Marine  
  59  14:54  Terran Infantry Weapons Level 1  
  51  15:06  Marine  
  52  15:08  Marine x3  
  52  15:09  Marine  
  56  15:27  Marine  
  56  15:28  Marine x3  
  58  15:29  Marine  
  59  15:43  Viking x2  
  59  15:44  Marine x2  
  65  15:55  SCV  
  66  16:06  Orbital Command  
  66  16:15  Marine  
  66  16:16  Marine x5  
  72  16:22  Missile Turret  
  72  16:24  SCV, Missile Turret  
  72  16:25  Missile Turret  
  73  16:28  Missile Turret  
  73  16:35  Viking x2, Marine  
  73  16:36  SCV, Marine  
  79  16:52  Marine x2  
  79  16:53  Marine x4  
  84  17:05  Marine  
  84  17:07  Viking  
  87  17:10  Marine x3  
  87  17:15  Marine  
  90  17:16  Marine x2  
  92  17:48  Viking x2  
  92  17:49  Marine x3  
  99  18:05  Marine  
  99  18:06  Marine x3  
  99  18:07  Marine x3  
  106  18:18  Viking x2  
  110  18:23  Marine  
  110  18:24  Marine x3  
  95  18:42  Marine x2  
  95  18:43  Marine x5  
  102  18:50  Viking  
  104  18:57  Medivac  
  104  19:00  Marine x4  
  104  19:01  Marine  
  111  19:07  Armory  
  111  19:13  Engineering Bay  
  111  19:20  Medivac  
  111  19:23  Marine  
  111  19:24  Marine x5  
  114  19:29  Medivac  
  121  19:38  Marine  
  122  19:39  SCV  
  123  19:50  Medivac  
  124  19:55  Terran Ship Weapons Level 1, Terran Infantry Weapons Level 2  
  124  19:59  Terran Infantry Armor Level 1  
  124  20:04  Viking  
  124  20:05  Marine  
  124  20:06  Marine x4  
  131  20:26  Command Center  
  130  20:43  Command Center  
  130  20:45  SCV x2  
  132  20:54  Marine x5  
  137  21:22  Marine  
  137  21:23  Marine x4  
  142  21:31  Missile Turret  
  142  21:33  Missile Turret  
  142  21:34  Missile Turret  
  142  21:35  Marine x2  
  142  21:39  Supply Depot  
  131  22:18  SCV x3  
  131  22:21  Orbital Command  
  129  22:30  SCV x3  
  120  22:42  SCV  
  121  22:59  SCV x4  
  124  23:11  SCV x2  
Tags
 
Composition
Mech
League
Platinum
Matchup
TvT
Opening
1/1/1
Race
Terran
Spawn Locations
Cross Positions
Add a new tag
Caveats
  • Supply blocks, unpowered buildings, or Contaminate may cause inaccurate times.
  • Supply counts are checked every 10 seconds.